 Dungeon Crawl Stone Soup version 0.29.0-5-ge4962eb29e (webtiles) character file.

Game seed: 12138567059126987951

73328 wingedge the Thaumaturge (level 15, -1/100 (110) HPs)
             Began as a Mummy Wanderer on Aug 29, 2022.
             Was a High Priest of Kikubaaqudgha.
             Shot with an arrow by Nessos (20 damage)
             ... on level 2 of the Orcish Mines on Aug 30, 2022.
             The game lasted 02:26:34 (24214 turns).

wingedge the Thaumaturge (Mummy Wanderer)          Turns: 24214, Time: 02:26:34

HP:   -1/100 (110)  AC: 24    Str: 11    XL:     15   Next: 3%
MP:   3/33          EV: 12    Int: 26    God:    Kikubaaqudgha [*****.]
Gold: 1575          SH:  6    Dex: 10    Spells: 3/42 levels left

rFire   . . .      SeeInvis .   c - staff of cold
rCold   + + .      Faith    .   z - +1 buckler
rNeg    + + +      Spirit   .   n - +2 robe {rF+}
rPois   ∞          Reflect  .   (no helmet)
rElec   .          Harm     .   y - +1 cloak {Stlth+}
rCorr   +          Rampage  .   B - +1 pair of gloves of Zin's Whim {+Blink +Inv rCorr Str-5}
Will    +....                   r - +1 pair of boots
Stlth   ++........              p - amulet of magic regeneration
HPRegen 0.26/turn               j - +4 ring of protection
MPRegen 0.63/turn               O - +6 ring of intelligence

@: ice-armoured, about to teleport, animating dead, drained
A: cold resistance 1, negative energy resistance 3, torment resistance 2, heat
vulnerability 1, in touch with death 2, no potions
a: Renounce Religion, Evoke Blink, Evoke Invisibility, Unearth Wretches, Torment


You were on level 2 of the Orcish Mines.
You worshipped Kikubaaqudgha.
Kikubaaqudgha was extremely pleased with you.
You visited 4 branches of the dungeon, and saw 19 of its levels.
You also visited: Gauntlet.

You collected 1891 gold pieces.
You spent 316 gold pieces at shops.

Inventory:

Hand Weapons
 b - the +8 whip "Snakebite" {venom, curare, rPois}
   (You found it on level 2 of the Lair of Beasts)

   It poisons the flesh of those it strikes.
   It occasionally inflicts asphyxiating poison on those it strikes, dealing
   poison damage and causing slowness.
   rPois:     It protects you from poison.
 w - a +2 antimagic hand axe
 L - a +4 vampiric long sword
Missiles
 i - a throwing net
 k - 4 curare-tipped darts
Armour
 e - a scarf of invisibility
 n - a +2 robe of fire resistance (worn)
 r - a +1 pair of boots (worn)
 y - a +1 cloak of stealth (worn)
 z - a +1 buckler (worn)
 B - the +1 pair of gloves of Zin's Whim (worn) {+Blink +Inv rCorr Str-5}
   (You found it in a Gauntlet)

   Str:       It affects your strength (-5).
   +Inv:      It lets you turn invisible.
   +Blink:    It lets you blink.
   rCorr:     It protects you from acid and corrosion.
Magical Staves
 a - a staff of conjuration
 c - a staff of cold (weapon)
 d - a staff of death
 C - a staff of poison
Jewellery
 g - an amulet of regeneration
 j - a +4 ring of protection (left hand)
 p - an amulet of magic regeneration (around neck)
 s - an amulet of the acrobat
 t - the amulet "Byveenih" {Acrobat Harm rN+ Str-4 Stlth+}
   (You took it off a hobgoblin on level 4 of the Dungeon)

   [amulet of the acrobat]

   It increases your evasion while moving and waiting.
   Str:       It affects your strength (-4).
   rN:        It protects you from negative energy.
   Harm:      It increases damage dealt and taken.
   Stlth:     It makes you more stealthy.
 v - a ring of willpower
 A - a ring of protection from cold
 O - a +6 ring of intelligence (right hand)
 P - a +4 ring of slaying
Wands
 G - a wand of flame (17)
 I - a wand of acid (5)
 K - a wand of charming (15)
 M - a wand of roots (6)
 N - a wand of digging (18)
Scrolls
 f - 2 scrolls of magic mapping
 h - 5 scrolls of poison
 o - 2 scrolls of brand weapon
 q - 7 scrolls of teleportation
 u - 8 scrolls of identify
 x - 2 scrolls of immolation
 J - a scroll of torment
 Q - a scroll of acquirement {unknown}
 R - a scroll of amnesia {unknown}
Miscellaneous
 D - a condenser vane
 E - a phantom mirror
 F - a phial of floods


   Skills:
 - Level 8.0 Fighting
 - Level 2.0 Maces & Flails
 - Level 4.0 Armour
 - Level 4.0 Dodging
 - Level 5.0 Shields
 - Level 14.0 Spellcasting
 + Level 12.6 Conjurations
 - Level 3.0 Hexes
 - Level 10.0 Necromancy
 - Level 5.0 Ice Magic
 - Level 8.0 Earth Magic
 - Level 4.0 Evocations


You had 3 spell levels left.
You knew the following spells:

 Your Spells              Type           Power      Damage    Failure   Level
a - Freeze                Ice            100%       1d11      1%          1
b - Slow                  Hex            100%       N/A       1%          1
c - Stone Arrow           Conj/Erth      100%       3d13      1%          3
d - Hailstorm             Conj/Ice       77%        3d16      1%          4
e - Tukima's Dance        Hex            33%        N/A       3%          3
f - Iskenderun's Battles  Conj           71%        2d12      1%          5
g - Vampiric Draining     Necr           100%       2d13      1%          3
h - Animate Dead          Necr           100%       N/A       1%          4
i - Borgnjor's Vile Clut  Necr/Erth      49%        N/A       2%          5
j - Ozocubu's Armour      Ice            60%        N/A       1%          3
o - Orb of Destruction    Conj           35%        9d10      19%         7

Your spell library contained the following spells:

 Spells                   Type           Power      Damage    Failure   Level
 Necrotise                Necr           100%       1d9       1%          1
 Sandblast                Erth           100%       2d20      1%          1
 Ensorcelled Hibernation  Hex/Ice        100%       N/A       1%          2
 Passwall                 Tmut/Erth      32%        N/A       1%          2
 Static Discharge         Conj/Air       50%        3-10/arc  1%          2
 Mephitic Cloud           Conj/Pois/Air  40%        N/A       1%          3
 Apportation              Tloc           36%        N/A       3%          1
 Sting                    Tmut/Pois      72%        1d6       3%          1
 Summon Small Mammal      Summ           72%        N/A       3%          1
 Blink                    Tloc           36%        N/A       6%          2
 Poisonous Vapours        Pois/Air       36%        N/A       6%          2
 Portal Projectile        Hex/Tloc       52%        N/A       6%          3
 Ignite Poison            Fire/Tmut/Pois 18%        N/A       12%         3
 Swiftness                Air            18%        N/A       12%         3
 Dispel Undead            Necr           100%       3d31      1%          4
 Anguish                  Hex/Necr       43%        N/A       2%          4
 Flame Wave               Conj/Fire      50%        2d12      3%          4
 Iskenderun's Mystic Bla  Conj/Tloc      50%        2d11      3%          4
 Sticky Flame             Conj/Fire      50%        2d7       3%          4
 Animate Armour           Summ/Erth      78%        N/A       8%          4
 Fireball                 Conj/Fire      25%        3d11      9%          5
 Corpse Rot               Necr/Pois/Air  68%        N/A       10%         4
 Freezing Cloud           Conj/Ice/Air   32%        6-21      10%         5
 Death Channel            Necr           51%        N/A       10%         6
 Summon Ice Beast         Ice/Summ       46%        N/A       14%         4
 Metabolic Englaciation   Hex/Ice        27%        N/A       21%         5
 Simulacrum               Ice/Necr       57%        N/A       26%         6
 Olgreb's Toxic Radiance  Pois           18%        N/A       36%         4
 Conjure Ball Lightning   Conj/Air       25%        3x3d7     41%         6
 Starburst                Conj/Fire      25%        6d8       41%         6
 Alistair's Intoxication  Tmut/Pois      12%        N/A       71%         5
 Manifold Assault         Tloc           18%        N/A       71%         5
 Lehudib's Crystal Spear  Conj/Erth      32%        10d8      98%         8
 Dispersal                Tloc           9%         N/A       99%         6
 Discord                  Hex            16%        N/A       100%        8
 Disjunction              Tloc           9%         N/A       100%        8
 Polar Vortex             Ice            30%        N/A       100%        9
 Blade Hands              Tmut           Unusable   N/A       N/A         5
 Storm Form               Tmut/Air       Unusable   N/A       N/A         7

Dungeon Overview and Level Annotations

Branches:
Dungeon (11/15)            Temple (1/1) D:7            Lair (5/5) D:9
 Shoals (0/4) Lair:3        Snake (0/4) Lair:3        Slime (0/5) Lair:4
    Orc (2/2) D:10            Elf (0/3) Orc:2       Gauntlet (visited)

Altars:
Ashenzari
Cheibriados
Dithmenos
Fedhas
Gozag
Hepliaklqana
Kikubaaqudgha
Makhleb
Nemelex Xobeh
Okawaru
Qazlal
Ru
Sif Muna
Trog
Uskayaw
Vehumet
Wu Jian
Xom
Yredelemnul

Shops:
D:8 *   D:10 *!

Annotations:
Orc:2 Nessos


Innate Abilities, Weirdness & Mutations

You are immune to poison.
Your flesh is cold resistant. (rC+)
You are immune to negative energy. (rN+++)
You are immune to unholy pain and torment.
You are vulnerable to heat. (rF-)
You are strongly in touch with the powers of death.
You do not drink.


Message History

Nessos casts a spell.
Nessos blinks!
The orc wizard hits your butterfly with a +5 vampiric dagger!
Your butterfly dies!
Your butterfly disappears in a burst of colours!
As you read the scroll of teleportation, it crumbles to dust.
You feel strangely unstable.
Unknown command.
The +8 whip "Snakebite" {venom, curare, rPois} stops dripping with poison.
c - a staff of cold (weapon)
Nessos shoots an arrow.
The arrow completely misses you.
The arrow barely misses the orc wizard.
The arrow completely misses your butterfly.
The orc wizard gestures wildly while chanting.
The orc wizard flickers and vanishes!
Deactivating autopickup; reactivate with Ctrl-A.
Casting: Stone Arrow (safe; 1% risk of failure)
Confirm with . or Enter, or press ? or * to list all spells.
You feel a surge of power! A film of ice covers your body!
Nessos unwields a +3 longbow of flaming.
It stops flaming.
Nessos hits your butterfly!
Your butterfly dies!
Your butterfly disappears in a burst of colours!
Nessos wields a +3 longbow of flaming.
It bursts into flame!
Nessos shoots an arrow.
The arrow hits you!
* * * LOW HITPOINT WARNING * * *
The arrow burns you.
* * * LOW HITPOINT WARNING * * *
The heat melts your icy armour.
Nessos unwields a +3 longbow of flaming.
It stops flaming.
Nessos hits your butterfly!
Your butterfly dies!
Your butterfly disappears in a burst of colours!
You block something's attack.
Unknown command.
Unknown command.
Nessos wields a +3 longbow of flaming.
It bursts into flame!
Nessos shoots an arrow.
The arrow hits you!!
You die...
Kikubaaqudgha rasps: "You have failed me!
Welcome... oblivion!"

##.........#Z[))........###.
.......#...(.....[....### #.
#.......###.......<...#######
...........#..[..[[......#...
.##..........b.....[........
#........bb......#........
###....bbb.cb.##.##[......
#.....b..b..####........ ...
##.b...@.....####.......
.....##.#.......#.###.........
........#..b...b.....#...........
..................b......[).[[)..
..............b.b...#.....[.....
.............#.............#...
#.........###............##...
###.........######.........###..
.#............##..#...).....###..


You could see Nessos (fast, ally target).

Vanquished Creatures
  Saint Roka (Orc:2)
  6 hydras
  A boulder beetle (Lair:5)
  A catoblepas (Lair:3)
  16 death yaks
  2 orc high priests (Orc:2)
  Sonja (Orc:2)
  4 orc knights
  A deep elf zephyrmancer (D:6)
  A lindwurm (Lair:5)
  3 orc sorcerers (Orc:2)
  5 elephants
  2 cyclopes
  A merfolk siren (Lair:3)
  8 black mambas
  An apocalypse crab (Gauntlet)
  Maurice (Orc:2)
  3 molten gargoyles (Lair:5)
  10 cane toads
  2 gargoyles
  2 kobold demonologists
  14 komodo dragons
  3 rime drakes
  A queen bee (shapeshifter) (Gauntlet)
  3 hornets (Gauntlet)
  5 trolls
  Prince Ribbit (D:5)
  A polar bear (Lair:3)
  10 blink frogs
  2 wyverns
  5 basilisks (Lair:5)
  2 fire bats (Lair:3)
  Grum (D:9)
  2 wraiths (D:10)
  54 yaks
  6 steam dragons
  A warg (Orc:2)
  Menkaure (D:5)
  3 nagas (Lair:3)
  Duvessa (D:6)
  4 hell hounds (Lair:5)
  19 water moccasins
  3 ice beasts
  22 orc warriors
  2 sky beasts (D:7)
  4 ogres
  10 wolves
  3 centaurs
  5 kobold brigands
  8 bullfrogs
  3 gnoll sergeants (D:10)
  A scorpion (D:5)
  3 wights (D:8)
  Dowan (D:6)
  6 killer bees
  An electric eel (Lair:3)
  2 howler monkeys (D:9)
  5 lava snakes (Lair:5)
  20 orc priests
  2 hounds (D:6)
  2 gnoll boudas
  4 iguanas
  26 orc wizards
  6 hell rats (Lair:5)
  16 adders
  15 gnolls
  A shadow imp (D:6)
  3 white imps
  6 dart slugs
  A worm (D:2)
  58 orcs
  9 ball pythons
  8 bats
  13 endoplasms
  3 giant cockroaches
  8 goblins
  8 hobgoblins
  20 kobolds
  13 quokkas
  4 frilled lizards
  5 rats
  A bush (D:4)
542 creatures vanquished.

Vanquished Creatures (collateral kills)
  A fire dragon (Lair:5)
  A boulder beetle (Lair:5)
  A hydra (Lair:4)
  A jorogumo (shapeshifter) (Gauntlet)
  The ghost of Clumpoid the Cleaver, a novice MiFi of Uskayaw (Lair:1)
  3 death yaks (Lair:4)
  A deep troll (shapeshifter) (Gauntlet)
  4 elephants
  A black mamba (Lair:5)
  A torpor snail (Lair:4)
  3 komodo dragons (Lair:4)
  5 blink frogs
  A shadow (D:10)
  15 yaks (Lair:5)
  A warg (Orc:2)
  A hell hound (Lair:5)
  3 water moccasins (Lair:5)
  An orc warrior (Orc:2)
  Blork the orc (D:6)
  2 bullfrogs
  A gnoll sergeant (D:10)
  A killer bee (D:10)
  A gnoll (D:10)
  6 orcs
  A bush (Lair:4)
58 creatures vanquished.

Vanquished Creatures (others)
  2 dancing weapons
  A hydra zombie (Lair:5)
  An acid dragon (D:8)
  4 elephant zombies (Lair:5)
  3 blink frog zombies (Lair:2)
  A wyvern zombie (Lair:5)
  A hell hound zombie (Lair:5)
  A water moccasin zombie (Lair:5)
  A warg zombie (Orc:2)
  11 yak zombies (Lair:5)
  2 troll zombies (Orc:2)
  An orc wizard (Orc:2)
  2 killer bee zombies (D:10)
  A human zombie (Orc:2)
  A kobold zombie (D:10)
  2 steam dragon zombies
  3 gnoll zombies (D:10)
  An adder zombie (Lair:2)
  17 orc zombies
  62 fungi
  65 plants
  A toadstool (D:1)
184 creatures vanquished.

Grand Total: 784 creatures vanquished

Notes
Turn   | Place    | Note
-------+----------+-------------------------------------------
     0 | D:1      | wingedge the Mummy Wanderer began the quest for the Orb.
     0 | D:1      | wingedge set off with the following items: a +0 club, a
                  | scroll of teleportation, a +0 leather armour, a scroll of
                  | vulnerability; and the following spells available to
                  | memorise: Freeze, Slow, Tukima's Dance, Hailstorm, Summon
                  | Ice Beast.
     0 | D:1      | Reached XP level 1. HP: 18/18 MP: 4/4
     3 | D:1      | Learned a level 1 spell: Freeze
     5 | D:1      | Learned a level 1 spell: Slow
   178 | D:1      | Reached skill level 3 in Spellcasting
   230 | D:1      | Reached XP level 2. HP: 23/24 MP: 0/6
   840 | D:1      | Gained mutation: You are in touch with the powers of death.
                  | [Mummy growth]
   840 | D:1      | Reached XP level 3. HP: 29/29 MP: 3/7
  1763 | D:2      | Found a faded altar of an unknown god.
  2034 | D:2      | Reached skill level 4 in Spellcasting
  2153 | D:2      | Reached XP level 4. HP: 34/35 MP: 10/10
  2696 | D:2      | Learned a level 3 spell: Stone Arrow
  3064 | D:3      | Reached XP level 5. HP: 21/41 MP: 6/11
  3384 | D:3      | Reached skill level 1 in Conjurations
  3863 | D:3      | Found a sparkling altar of Nemelex Xobeh.
  4241 | D:4      | Reached skill level 1 in Earth Magic
  4246 | D:4      | Learned a level 4 spell: Hailstorm
  4260 | D:4      | Learned a level 3 spell: Tukima's Dance
  4622 | D:4      | Identified the amulet "Byveenih" {Acrobat Harm rN+ Str-4
                  | Stlth+}
  4637 | D:4      | Reached XP level 6. HP: 44/47 MP: 10/12
  4816 | D:4      | Reached skill level 1 in Armour
  5025 | D:4      | Noticed a water moccasin
  5041 | D:4      | Killed a water moccasin
  5488 | D:5      | Entered Level 5 of the Dungeon
  5496 | D:5      | Reached XP level 7. HP: 52/52 MP: 10/13
  5695 | D:5      | Noticed Menkaure
  5702 | D:5      | Killed Menkaure
  5801 | D:5      | Reached skill level 1 in Shields
  5976 | D:5      | Reached XP level 8. HP: 58/58 MP: 8/14
  6038 | D:5      | Noticed Prince Ribbit
  6044 | D:5      | Killed Prince Ribbit
  6416 | D:6      | Reached skill level 5 in Spellcasting
  6666 | D:6      | Reached skill level 6 in Spellcasting
  6714 | D:6      | Noticed Blork the orc
  6725 | D:6      | Killed Blork the orc
  6810 | D:6      | Reached skill level 5 in Conjurations
  6848 | D:6      | Found a basalt altar of Yredelemnul.
  6949 | D:6      | Reached XP level 9. HP: 59/65 MP: 10/18
  7005 | D:6      | Noticed Dowan
  7040 | D:6      | Noticed Duvessa
  7053 | D:6      | Killed Duvessa
  7337 | D:6      | Killed Dowan
  7460 | D:6      | Noticed a deep elf zephyrmancer
  7465 | D:6      | Killed a deep elf zephyrmancer
  7466 | D:6      | Reached skill level 5 in Earth Magic
  7466 | D:6      | Reached skill level 5 in Ice Magic
  7757 | D:7      | Reached skill level 1 in Dodging
  7916 | D:7      | Found a staircase to the Ecumenical Temple.
  7935 | Temple   | Entered the Ecumenical Temple
  7959 | Temple   | Became a worshipper of Kikubaaqudgha
  8204 | D:7      | Reached skill level 1 in Necromancy
  9001 | D:7      | Found an ornate altar of the Wu Jian Council.
  9046 | D:8      | Reached skill level 5 in Fighting
  9046 | D:8      | Reached skill level 7 in Spellcasting
  9049 | D:8      | Reached XP level 10. HP: 74/74 MP: 5/21
  9155 | D:8      | Found Xocwef's General Store.
  9158 | D:8      | Bought a wand of acid (4) for 252 gold pieces
  9285 | D:8      | You fall into a shaft and drop 3 floors!
  9298 | D:11     | Noticed a cyclops
  9305 | D:11     | Killed a cyclops
  9343 | D:11     | Reached skill level 8 in Spellcasting
  9359 | D:11     | Found a gate leading to a gauntlet.
  9368 | Gauntlet | Entered a Gauntlet
  9368 | Gauntlet | Noticed an eye of devastation
  9368 | Gauntlet | Found a transporter.
  9368 | Gauntlet | Found a runed translucent door.
  9368 | Gauntlet | Found a transporter.
  9368 | Gauntlet | Found a transporter.
  9368 | Gauntlet | Found a runed translucent door.
  9376 | Gauntlet | Noticed a fire crab
  9376 | Gauntlet | a komodo dragon changed into a fire crab
  9377 | Gauntlet | an eye of devastation changed into a dream sheep
  9379 | Gauntlet | Found a transporter.
  9382 | Gauntlet | Found a transporter.
  9387 | Gauntlet | Noticed a glowing orange brain
  9387 | Gauntlet | a dream sheep changed into a glowing orange brain
  9390 | Gauntlet | Found a runed translucent door.
  9391 | Gauntlet | Noticed a lindwurm
  9391 | Gauntlet | a floating eye changed into a lindwurm
  9393 | Gauntlet | Found a transporter.
  9394 | Gauntlet | Found a transporter.
  9399 | Gauntlet | Noticed an apocalypse crab
  9402 | Gauntlet | Found a transporter.
  9420 | Gauntlet | Found a transporter.
  9421 | Gauntlet | Noticed a necromancer
  9424 | Gauntlet | Noticed a death yak
  9424 | Gauntlet | Noticed a death yak
  9427 | Gauntlet | Found a transporter.
  9427 | Gauntlet | Noticed a death yak
  9428 | Gauntlet | Found a transporter.
  9430 | Gauntlet | Noticed a moth of wrath
  9433 | Gauntlet | Noticed a lindwurm
  9433 | Gauntlet | a tarantella changed into a lindwurm
  9434 | Gauntlet | a moth of wrath changed into a redback
  9437 | Gauntlet | Noticed an anaconda
  9438 | Gauntlet | Found a transporter.
  9449 | Gauntlet | Noticed a deep troll
  9449 | Gauntlet | a redback changed into a deep troll
  9526 | Gauntlet | Noticed a salamander
  9532 | Gauntlet | Noticed a glowing orange brain
  9532 | Gauntlet | a culicivora changed into a glowing orange brain
  9534 | Gauntlet | Noticed a shining eye
  9535 | Gauntlet | a shining eye changed into a dream sheep
  9536 | Gauntlet | Noticed a radroach
  9541 | Gauntlet | Noticed a death drake
  9541 | Gauntlet | a salamander changed into a death drake
  9543 | Gauntlet | Noticed an eye of devastation
  9543 | Gauntlet | a merfolk changed into an eye of devastation
  9558 | Gauntlet | Noticed a glowing orange brain
  9560 | Gauntlet | a glowing orange brain changed into a redback
  9562 | Gauntlet | Noticed a cyclops
  9562 | Gauntlet | an eye of devastation changed into a cyclops
  9562 | Gauntlet | Noticed an elephant
  9562 | Gauntlet | a glowing orange brain changed into an elephant
  9573 | Gauntlet | Noticed a deep troll
  9573 | Gauntlet | a cyclops changed into a deep troll
  9574 | Gauntlet | Killed a deep troll
  9577 | Gauntlet | Noticed a bunyip
  9577 | Gauntlet | a radroach changed into a bunyip
  9579 | Gauntlet | Noticed a jorogumo
  9579 | Gauntlet | a bunyip changed into a jorogumo
  9582 | Gauntlet | Killed a jorogumo
 10006 | Gauntlet | Noticed a torpor snail
 10006 | Gauntlet | a dream sheep changed into a torpor snail
 10007 | Gauntlet | Noticed an entropy weaver
 10019 | Gauntlet | Killed an apocalypse crab
 10040 | Gauntlet | Identified the +1 pair of gloves of Zin's Whim {+Blink +Inv
                  | rCorr Str-5}
 10088 | Gauntlet | Noticed a minotaur
 10142 | Gauntlet | HP: 3/76 [minotaur/silver javelin (19)]
 10163 | Gauntlet | Got the Exposition on Coordinates and the Inferno
 10384 | D:11     | Noticed a gargoyle
 10391 | D:11     | Killed a gargoyle
 10394 | D:11     | Noticed a cyclops
 10398 | D:10     | Entered Level 10 of the Dungeon
 10398 | D:10     | Found Cereh's Distillery.
 10398 | D:10     | Found Ketoxt's General Store.
 10615 | D:10     | Bought a scroll of fear for 64 gold pieces
 10657 | D:9      | Reached * piety under Kikubaaqudgha
 10657 | D:9      | Received a gift from Kikubaaqudgha
 10806 | D:9      | Learned a level 5 spell: Iskenderun's Battlesphere
 10930 | D:9      | Reached XP level 11. HP: 65/81 MP: 5/23
 11044 | D:9      | Noticed a death yak
 11058 | D:9      | Killed a death yak
 11172 | D:9      | Noticed a death yak
 11178 | D:9      | Killed a death yak
 11611 | D:9      | Found a shimmering blue altar of Sif Muna.
 11738 | D:9      | Found a snail-covered altar of Cheibriados.
 11750 | D:9      | Found a staircase to the Lair.
 11751 | D:9      | Noticed a death yak
 11751 | D:9      | Noticed a death yak
 11752 | D:9      | Noticed a death yak
 11752 | D:9      | Noticed a death yak
 11773 | D:9      | Killed a death yak
 11774 | D:9      | Reached skill level 9 in Spellcasting
 11798 | D:9      | Killed a death yak
 11807 | D:9      | Killed a death yak
 11813 | D:9      | Killed a death yak
 12269 | D:9      | Reached ** piety under Kikubaaqudgha
 12276 | D:9      | Noticed Grum
 12283 | D:9      | Killed Grum
 12743 | D:8      | Learned a level 3 spell: Vampiric Draining
 12748 | D:8      | Learned a level 4 spell: Animate Dead
 12975 | D:8      | Found a bloodstained altar of Trog.
 13527 | D:10     | Found a shadowy altar of Dithmenos.
 13628 | D:10     | Found a hazy altar of Hepliaklqana.
 13645 | D:10     | Found a radiant altar of Vehumet.
 13823 | D:10     | Identified the +4 war axe of Causality {holy, rC+ Str-2
                  | Int+4}
 13884 | D:10     | Reached *** piety under Kikubaaqudgha
 13884 | D:10     | Received a gift from Kikubaaqudgha
 13918 | D:10     | Learned a level 5 spell: Borgnjor's Vile Clutch
 13956 | D:10     | Reached skill level 10 in Spellcasting
 14204 | D:10     | Found a staircase to the Orcish Mines.
 14210 | D:10     | Reached XP level 12. HP: 89/91 MP: 6/26
 14336 | D:10     | Reached skill level 5 in Necromancy
 14647 | Lair:1   | Entered Level 1 of the Lair of Beasts
 14735 | Lair:1   | Noticed a six-headed hydra
 14740 | Lair:1   | Killed a six-headed hydra
 15087 | Lair:1   | Reached **** piety under Kikubaaqudgha
 15105 | Lair:1   | Reached skill level 5 in Shields
 15490 | Lair:1   | Found a transporter.
 15494 | Lair:1   | Noticed Clumpoid's ghost (novice MiFi)
 15496 | Lair:1   | Found a transporter.
 15496 | Lair:1   | Noticed a death yak
 15819 | Lair:1   | Killed a death yak
 15820 | Lair:1   | Reached skill level 11 in Spellcasting
 15834 | Lair:1   | Killed Clumpoid's ghost
 16405 | Lair:2   | Found the +8 whip "Snakebite" {venom, curare, rPois}
 16984 | Lair:2   | Gained mutation: You are strongly in touch with the powers
                  | of death. [Mummy growth]
 16984 | Lair:2   | Reached XP level 13. HP: 96/96 MP: 21/28
 17160 | Lair:3   | Reached ***** piety under Kikubaaqudgha
 17335 | Lair:3   | Reached skill level 1 in Maces & Flails
 17534 | Lair:3   | Found a staircase to the Snake Pit.
 17772 | Lair:3   | Found a staircase to the Shoals.
 18086 | Lair:3   | Reached skill level 10 in Necromancy
 18205 | Lair:4   | Found a staircase to the Slime Pits.
 18672 | Lair:4   | Reached skill level 12 in Spellcasting
 18879 | Lair:4   | Learned a level 3 spell: Ozocubu's Armour
 19184 | Lair:5   | Entered Level 5 of the Lair of Beasts
 19289 | Lair:5   | Reached skill level 10 in Conjurations
 19330 | Lair:5   | Reached XP level 14. HP: 76/105 MP: 7/30
 20003 | Lair:5   | Reached skill level 13 in Spellcasting
 20011 | Lair:5   | Learned a level 7 spell: Orb of Destruction
 20272 | Lair:5   | Reached ****** piety under Kikubaaqudgha
 20414 | Lair:5   | Found a large runed translucent door.
 20446 | Lair:5   | Found a large runed translucent door.
 22310 | Orc:1    | Entered Level 1 of the Orcish Mines
 22567 | Orc:2    | Entered Level 2 of the Orcish Mines
 22567 | Orc:2    | Noticed Maurice
 22577 | Orc:2    | Killed Maurice
 22657 | Orc:2    | Noticed Sonja
 22662 | Orc:2    | Killed Sonja
 22665 | Orc:2    | Noticed Saint Roka
 22675 | Orc:2    | Your ally Maurice died
 23562 | Orc:2    | Killed Saint Roka
 23563 | Orc:2    | Reached skill level 14 in Spellcasting
 23892 | Orc:2    | Your ally Saint Roka died
 23928 | Orc:2    | Found a staircase to the Elven Halls.
 23937 | Orc:2    | Reached XP level 15. HP: 110/110 MP: 1/33
 24162 | Orc:2    | Noticed Nessos
 24214 | Orc:2    | Shot with an arrow by Nessos

Illustrated notes

Levels and vault maps discovered:
D:1:      nagdon_arrival_zigzag_paths, layout_basic, reono_crystal_passage
D:2:      minmay_angry_zag, layout_loops_corners,
          shapermc_ecumenical_altar_pompeii, minmay_tetromino_l2
D:3:      layout_basic, mainiacjoe_overflow_brackets
D:4:      layout_basic, serial_forest, infiniplex_forest_lined_room_3,
          infiniplex_forest_zigzag_1, infiniplex_forest_end_2,
          infiniplex_forest_clump_C, infiniplex_forest_lined_room_2,
          infiniplex_forest_clump_curved, infiniplex_forest_end_2,
          infiniplex_forest_clump_curved
D:5:      layout_cave_pools, mainiacjoe_overflow_surrounded_room,
          corexii_item_surrounded_by_moat, uniq_prince_ribbit1, uniq_menkaure
D:6:      layout_rooms, mainiacjoe_overflow_paths, guppyfry_early_elven_hall,
          uniq_blork_the_orc, uniq_duvessa
D:7:      layout_basic, mainiacjoe_overflow_tiny_flanked,
          minmay_temple_entry_trees
D:8:      layout_basic, mainiacjoe_overflow_catwalk, serial_shops,
          nicolae_shop_window_shopping
D:9:      layout_irregular_city, kennysheep_slug_shrine, led_sif_pool,
          dpeg_lair_monsters, chequers_serial_rivers_micro_b, uniq_grum
D:10:     layout_basic, mainiacjoe_overflow_large_starburst, pf_just_have_faith,
          nicolae_tso_carved_into_rock, kennysheep_orc_monster_closet_entryway,
          serial_shops, shop, shop
D:11:     layout_cave_pools, gauntlet_entry_generic
Temple:   chequers_temple_sunken
Lair:1:   layout_long_grid, gammafunk_ghost_arena, serial_bayou_pond_a
Lair:2:   minmay_guarded_unrand_snakebite, layout_chaotic_city
Lair:3:   layout_gridlike, minmay_shoals_entry_lonely_mermaid,
          minmay_snake_entry_guardpost_medium
Lair:4:   layout_misc_corridors, slime_entry_1, pond
Lair:5:   cheibrodos_lair_end_hotspot, layout_layer_cave
Orc:1:    layout_caves, library_closet, guppyfry_orc_lava_fort
Orc:2:    st_orc_elflike, layout_diamond_mine, serial_shops,
          nicolae_shop_statue_plus, uniq_snorg, uniq_maurice, uniq_nessos,
          uniq_saint_roka, uniq_sonja

Skill      XL: |  1  2  3  4  5  6  7  8  9 10 11 12 13 14 |
---------------+-------------------------------------------+-----
Spellcasting   | 3 4 6 7 8 10 11 12 14 | 14.0
Ice Magic      | 3 4 5 |  5.0
Hexes          | 2 3 |  3.0
Conjurations   | 2 3 4 5 6 7 8 9 10 12 | 12.6
Earth Magic    | 1 2 4 5 7 8 |  8.0
Armour         | 1 3 4 |  4.0
Shields        | 1 3 4 5 |  5.0
Fighting       | 4 5 6 7 8 |  8.0
Dodging        | 2 3 4 |  4.0
Necromancy     | 2 4 8 10 | 10.0
Evocations     | 3 4 |  4.0
Maces & Flails | 2 |  2.0

Action                   |  1- 3 |  4- 6 |  7- 9 | 10-12 | 13-15 || total
-------------------------+-------+-------+-------+-------+-------++-------
Melee: Dagger            |     3 |       |       |       |       ||     3
       Mace              |    32 |    53 |       |       |       ||    85
       Punch             |     1 |       |       |       |       ||     1
       Trident           |       |    19 |       |       |       ||    19
       Long sword        |       |    17 |    27 |    74 |       ||   118
       Staff             |       |       |       |     2 |     4 ||     6
       Whip              |       |       |       |     4 |    57 ||    61
Throw: Stone             |     1 |       |       |       |       ||     1
       Throwing net      |       |       |     2 |     1 |       ||     3
       Dart              |       |       |       |     1 |       ||     1
 Cast: Freeze            |    63 |   139 |    92 |    18 |       ||   312
       Slow              |     5 |     7 |     7 |     1 |       ||    20
       Stone Arrow       |       |     5 |    98 |   262 |   182 ||   547
       Hailstorm         |       |       |     4 |    12 |     6 ||    22
       Tukima's Dance    |       |       |     6 |     3 |       ||     9
       Iskenderun's Batt |       |       |       |    37 |    51 ||    88
       Vampiric Draining |       |       |       |     5 |     8 ||    13
       Animate Dead      |       |       |       |     5 |    10 ||    15
       Borgnjor's Vile C |       |       |       |    10 |    71 ||    81
       Ozocubu's Armour  |       |       |       |       |    15 ||    15
       Orb of Destructio |       |       |       |       |     1 ||     1
Invok: Torment           |       |       |       |       |     3 ||     3
       Unearth Wretches  |       |       |       |       |     1 ||     1
 Abil: Evoke Invisibilit |       |       |       |     1 |       ||     1
Evoke: Phial of floods   |       |       |       |     1 |       ||     1
       Wand              |       |       |       |     3 |       ||     3
       Phantom mirror    |       |       |       |     1 |       ||     1
       Condenser vane    |       |       |       |     1 |       ||     1
  Use: Scroll            |       |       |    12 |    12 |    10 ||    34
 Stab: Sleeping          |     1 |       |       |     1 |       ||     2
       Invisible         |       |       |       |     1 |       ||     1
Armor: Leather armour    |    17 |    49 |       |       |       ||    66
       Robe              |       |    10 |    38 |    85 |    68 ||   201
Dodge: Dodged            |    43 |   112 |    52 |   107 |    92 ||   406
Block: Buckler           |       |       |    15 |    53 |    47 ||   115
